AoeStats
← [CLag] EENZITO

African Clearing

504606599Analyzed
3v3 RM · 26d ago on Sep 5, 2026· 42m 58s· 6 players
Game mode
Random Map
Map size
Normal (6 player)
Population
200
Speed
Normal
Resources
Standard
Victory
Conquest
Starting age
Dark Age
Ending age
Imperial Age
RankedLock teamsTeams togetherTeam positionsShared explorationLock speedFull tech treeHidden civsTurbo modeCheats
Victory
Defeat
🇦🇺 Hindustanis · Australia
1298
+15
🇺🇸 Poles · United States
1297
+15
🇦🇺 Aztecs · Australia
962
+28
🇦🇷 Jurchens · Argentina
1391
-24
🇦🇷 Maya · Argentina
1226
-18
🇦🇷 Inca · Argentina
1165
-16
Renard
6:42 Loom
13:37 Feudal Age
17:20 Castle Age
15:33 Double-Bit Axe
16:22 Horse Collar
17:10 Bloodlines
18:49 Bow Saw
23:23 Scale Barding Armor
24:16 Heavy Plow
25:15 Stone Mining
27:16 Wheelbarrow
26:57 Town Watch
28:53 Husbandry
29:18 Chain Barding Armor
30:46 Forging
31:52 Szlachta Privileges
32:12 Gold Mining
35:36 Imperial Age
34:08 Hand Cart
35:44 Cavalier
36:45 Conscription
38:27 Iron Casting
42:21 Blast Furnace
41:13 Fletching
43:23 Hoardings
43:30 Coinage
42:41 Light Cavalry
OzDucky
10:12 Loom
14:00 Feudal Age
17:52 Fletching
18:24 Padded Archer Armor
21:10 Castle Age
23:23 Crossbowman
25:13 Scale Mail Armor
30:46 Bodkin Arrow
31:06 Leather Archer Armor
31:14 Leather Archer Armor
38:06 Wheelbarrow
38:20 Sanctity
38:48 Devotion
Farmer Tunn
3:57 Loom
12:54 Feudal Age
13:55 Double-Bit Axe
20:49 Bloodlines
22:40 Scale Barding Armor
24:26 Forging
30:05 Castle Age
33:40 Fletching
35:18 Bow Saw
39:06 Chain Barding Armor
39:23 Iron Casting
39:06 Gold Mining
41:23 Husbandry
[CLag] EENZITO
4:52 Loom
12:40 Feudal Age
14:41 Double-Bit Axe
17:34 Fletching
20:51 Horse Collar
23:39 Castle Age
22:09 Gold Mining
23:48 Crossbowman
24:25 Bodkin Arrow
33:17 Ballistics
33:11 Padded Archer Armor
37:09 Bow Saw
37:43 Wheelbarrow
[CLag] eltanque
10:25 Loom
13:24 Feudal Age
14:12 Feudal Age
15:18 Double-Bit Axe
17:56 Castle Age
16:21 Fletching
17:09 Gold Mining
17:33 Town Watch
17:52 Padded Archer Armor
18:54 Bodkin Arrow
26:13 Ballistics
26:55 Leather Archer Armor
35:22 Thumb Ring
35:25 Pikeman
39:38 Scale Mail Armor
42:53 Forging
[CLag]RirroMza
10:25 Loom
12:51 Feudal Age
13:25 Double-Bit Axe
13:56 Horse Collar
14:21 Town Watch
27:15 Castle Age
26:43 Bloodlines
26:51 Scale Barding Armor
28:05 Husbandry
28:27 Chain Barding Armor
31:49 Gold Mining
32:21 Forging
34:56 Iron Casting
35:15 Bow Saw
36:16 Wheelbarrow
35:55 Stone Mining
40:27 Stone Shaft Mining
40:13 Fletching
Connection lost

Rejoining the realm…

Still unreachable

The connection could not be restored.

Session expired

The server has moved on; the page needs a fresh start.